 Dungeon Crawl Stone Soup version 0.30-a0-845-g7c6808c8ce (webtiles) character file.

Game seed: 12187663247066655402

1747 greenreed the Thaumaturge (level 8, -8/36 HPs)
             Began as a Spriggan Earth Elementalist on Mar 2, 2023.
             Was an Initiate of Vehumet.
             Killed from afar by Maggie (19 damage)
             ... with a bolt of fire
             ... on level 6 of the Dungeon.
             The game lasted 00:11:11 (5978 turns).

greenreed the Thaumaturge (SpEE)                    Turns: 5978, Time: 00:11:11

Health: -8/36      AC:  2    Str:  4    XL:     8   Next: 77%
Magic:  4/23       EV: 18    Int: 24    God:    Vehumet [......]
Gold:   486        SH:  5    Dex: 16    Spells: 21/27 levels left

rFire   . . .      SeeInvis +    m - +8 trident of the Octopus King {venom, rElec rPois}
rCold   . . .      Faith    .    (shield currently unavailable)
rNeg    . . .      Spirit   .    a - +0 robe
rPois   +          Reflect  +    (helmet restricted)
rElec   +          Rampage  .    (no cloak)
rCorr   .                        (gloves unavailable)
Will    +....                    (boots unavailable)
Stlth   ++                       s - amulet of reflection
HPRegen 0.26/turn                h - +6 ring of intelligence
MPRegen 0.18/turn                (no ring)

@: mesmerised, very quick
A: very small, no large weapons, unfitting armour, see invisible, speed 3
a: Renounce Religion


You were on level 6 of the Dungeon.
You worshipped Vehumet.
Vehumet was noncommittal.
You visited 2 branches of the dungeon, and saw 7 of its levels.

You collected 486 gold pieces.

Inventory:

Hand Weapons
 i - the +9 whip of Kindness {spect, Will+ MP+9 Str+2 Dex+2}
   (You found it on level 2 of the Dungeon)

   Str:       It affects your strength (+2).
   Dex:       It affects your dexterity (+2).
   MP:        It affects your magic capacity (+9).
   Will:      It increases your willpower.
 m - the +8 trident of the Octopus King (weapon) {venom, rElec rPois}
   (You found it on level 3 of the Dungeon)

   rElec:     It insulates you from electricity.
   rPois:     It protects you from poison.
Missiles
 C - a throwing net
Armour
 a - a +0 robe (worn)
Jewellery
 h - a +6 ring of intelligence (left hand)
 s - an amulet of reflection (around neck)
 E - a ring of positive energy
Wands
 o - a wand of flame (41)
 v - a wand of digging (7)
 z - a wand of mindburst (6)
 F - a wand of roots (12)
Scrolls
 c - 3 scrolls of enchant weapon {unknown}
 d - 2 scrolls of poison {unknown}
 e - 9 scrolls of identify {unknown}
 k - a scroll of fear {unknown}
 l - 4 scrolls of fog {unknown}
 n - a scroll of blinking {unknown}
 p - 3 scrolls of noise {unknown}
 u - 2 scrolls of enchant armour {unknown}
 y - 2 scrolls of amnesia {unknown}
 A - 2 scrolls of teleportation {unknown}
 B - a scroll of immolation {unknown}
 G - a scroll of magic mapping {unknown}
Potions
 b - a potion of magic
 f - a potion of curing {unknown}
 g - a potion of might {unknown}
 j - a potion of brilliance {unknown}
 q - 2 potions of degeneration {unknown}
 r - 2 potions of attraction {unknown}
 t - 4 potions of flight {unknown}
 w - a potion of lignification {unknown}
 x - 2 potions of invisibility {unknown}
 D - 2 potions of mutation {unknown}


   Skills:
 + Level 3.3 Dodging
 + Level 3.4 Stealth
 * Level 10.0 Spellcasting
 + Level 0.1 Conjurations
 + Level 1.3 Transmutations
 * Level 7.6 Earth Magic


You had 21 spell levels left.
You knew the following spells:

 Your Spells              Type           Power      Damage    Failure   Level
a - Sandblast             Erth           96%        2d20      1%          1
b - Stone Arrow           Conj/Erth      60%        3d10      3%          3
c - Passwall              Tmut/Erth      27%        N/A       1%          2

Your spell library contained the following spells:

 Spells                   Type           Power      Damage    Failure   Level
 Freeze                   Ice            48%        1d6       5%          1
 Slow                     Hex            48%        N/A       5%          1
 Summon Small Mammal      Summ           48%        N/A       5%          1
 Petrify                  Tmut/Erth      33%        N/A       9%          4
 Call Canine Familiar     Summ           12%        N/A       16%         3
 Confusing Touch          Hex            12%        N/A       16%         3
 Frozen Ramparts          Ice            24%        1d4       16%         3
 Hailstorm                Conj/Ice       12%        3d5       16%         3
 Summon Guardian Golem    Hex/Summ       12%        N/A       16%         3
 Vampiric Draining        Necr           12%        2d6       16%         3


Dungeon Overview and Level Annotations

Branches:
Dungeon (6/15)             Temple (1/1) D:6

Altars:
Ashenzari
Cheibriados
Dithmenos
Elyvilon
Fedhas
Gozag
Hepliaklqana
Kikubaaqudgha
Nemelex Xobeh
Okawaru
Ru
Sif Muna
Trog
Uskayaw
Vehumet
Wu Jian
Xom
Yredelemnul
Zin
The Shining One

Annotations:
D:5 exclusion: oklob plant
D:6 3 runed translucent doors, Maggie


Innate Abilities, Weirdness & Mutations

You are very small and have problems with some larger weapons.
You are too small for most types of armour.
You have supernaturally acute eyesight. (SInv)
You cover ground extremely quickly. (Speed+++)


Message History

The stone arrow hits Maggie!
Maggie is almost dead.
Maggie mumbles some strange words.
Maggie attempts to bespell you! You resist with almost no effort.
Casting: Stone Arrow (dangerous; 3% risk of failure)
Confirm with . or Enter, or press ? or * to list all spells.
Aiming: Stone Arrow (dangerous; 3% risk of failure)
Press: ? - help, Shift-Dir - straight line, f/p - Maggie
Aim: Maggie, wielding a +0 broad axe and wearing +0 steam dragon scales (almost dead, 74% to hit)
The stone arrow misses Maggie.
The stone arrow hits the plant!!
The plant begins to die.
The plant is lightly damaged.
Maggie points at you and mumbles some strange words.
The bolt of fire misses you.
The tree burns like a torch!
You are engulfed in a cloud of scalding steam.
The plant is engulfed in a cloud of scalding steam.
The plant begins to die.
Casting: Stone Arrow (dangerous; 3% risk of failure)
Confirm with . or Enter, or press ? or * to list all spells.
Aiming: Stone Arrow (dangerous; 3% risk of failure)
Press: ? - help, Shift-Dir - straight line, f/p - Maggie
Aim: Maggie, wielding a +0 broad axe and wearing +0 steam dragon scales (almost dead, 74% to hit)
The stone arrow misses Maggie.
You are engulfed in a cloud of scalding steam.
The plant is engulfed in a cloud of scalding steam.
Maggie casts a spell.
Maggie attempts to bespell you!
You are mesmerised by Maggie!
You closely miss Maggie.
Maggie is almost dead.
A nearby plant withers and dies.
Maggie mumbles the words to a spell, but in the wrong order.
Maggie closely misses you.
You hit Maggie.
Maggie is almost dead.
A nearby plant withers and dies.
Maggie hits you with a +0 broad axe!
Maggie points at you and mumbles some strange words.
The bolt of fire hits you!!
Ouch! That really hurt!
You die...

#..# #.....# # #.##
#.##### # #.# #..## #
####.# ###...# # .....#
#~♣...# # #########
♣~.§§## # .###....#
♣♣P.§§§## # ..##....#
#♣♣~~.§§§~## # #.......#
♣~~P..@~~~~♣ #
###.....#♣♣~~P...@~~~~~♣
##.....♣♣~~~....~~~~~♣
#####
#....#♣♣♣P~...~~~~PP♣
#.... #....#
♣~~...♣~~≈~~♣ #....
#....# ♣~~~..~~~≈≈~~♣
....... #....#
♣~~~...~~≈≈≈~~ .....<.
###### ♣♣~~..~P~≈~~♣#
....... +##....


You could see Maggie (mesmerising).

Vanquished Creatures
  Sigmund (D:5)
  A wraith (D:5)
  A water moccasin (D:6)
  2 phantoms
  A kobold brigand (D:4)
  A gnoll sergeant (D:5)
  3 scorpions
  2 electric eels (D:6)
  An orc priest (D:4)
  A gnoll bouda (D:4)
  A jelly (D:5)
  4 hounds
  2 iguanas
  6 orc wizards
  19 gnolls
  11 adders
  A white imp (D:6)
  A worm (D:5)
  3 dart slugs
  18 orcs
  7 endoplasms
  5 goblins
  4 hobgoblins
  4 jackals (D:1)
  3 quokkas
  5 ball pythons
  2 bats (D:2)
  4 frilled lizards
  6 kobolds
  9 rats
129 creatures vanquished.

Vanquished Creatures (others)
  12 plants (D:6)
  19 toadstools (D:5)
31 creatures vanquished.

Grand Total: 160 creatures vanquished

Notes
Turn   | Place    | Note
-------+----------+-------------------------------------------
     0 | D:1      | greenreed the Spriggan Earth Elementalist began the quest
                  | for the Orb.
     0 | D:1      | Reached XP level 1. HP: 9/9 MP: 5/5
   202 | D:1      | Reached skill level 3 in Spellcasting
   206 | D:1      | Reached XP level 2. HP: 13/13 MP: 2/7
  1036 | D:2      | Reached XP level 3. HP: 12/16 MP: 3/8
  1249 | D:2      | Identified the +9 whip of Kindness {spect, Will+ MP+9 Str+2
                  | Dex+2}
  1895 | D:3      | Reached XP level 4. HP: 21/21 MP: 10/10
  1907 | D:3      | Reached skill level 4 in Spellcasting
  2123 | D:3      | Found the +8 trident of the Octopus King {venom, rElec
                  | rPois}
  2383 | D:3      | Reached XP level 5. HP: 24/24 MP: 13/13
  2386 | D:3      | Reached skill level 5 in Spellcasting
  2543 | D:3      | Found a hazy altar of Hepliaklqana.
  2877 | D:4      | Identified the +3 spear of the Endless March {freeze,
                  | Int+3}
  3027 | D:4      | Reached XP level 6. HP: 20/28 MP: 15/15
  3102 | D:4      | Reached skill level 5 in Earth Magic
  3179 | D:4      | Found an ornate altar of the Wu Jian Council.
  3533 | D:5      | Entered Level 5 of the Dungeon
  3645 | D:5      | Reached skill level 6 in Spellcasting
  3671 | D:5      | Reached XP level 7. HP: 32/32 MP: 17/17
  3713 | D:5      | Found an opulent altar of Gozag.
  3815 | D:5      | Reached skill level 7 in Spellcasting
  3935 | D:5      | Noticed Sigmund
  3946 | D:5      | Killed Sigmund
  3947 | D:5      | Reached skill level 8 in Spellcasting
  3973 | D:5      | Noticed a wraith
  3999 | D:5      | Killed a wraith
  4000 | D:5      | Reached XP level 8. HP: 36/36 MP: 21/21
  4090 | D:5      | Found a sacrificial altar of Ru.
  4210 | D:5      | Found a bloodstained altar of Trog.
  4210 | D:5      | Found a sparkling altar of Nemelex Xobeh.
  4538 | D:5      | Found a blossoming altar of Fedhas.
  4560 | D:5      | Noticed an oklob plant
  4571 | D:5      | Learned a level 3 spell: Stone Arrow
  4574 | D:5      | Learned a level 2 spell: Passwall
  4891 | D:6      | HP: 1/36 [poisoned by a scorpion]
  5038 | D:6      | Reached skill level 9 in Spellcasting
  5154 | D:6      | Found a runed translucent gate.
  5154 | D:6      | Found a runed translucent gate.
  5154 | D:6      | Found a runed translucent gate.
  5155 | D:6      | Noticed Maggie
  5689 | D:6      | Found a staircase to the Ecumenical Temple.
  5700 | Temple   | Entered the Ecumenical Temple
  5790 | Temple   | Became a worshipper of Vehumet
  5966 | D:6      | Reached skill level 10 in Spellcasting
  5978 | D:6      | Killed from afar by Maggie

Illustrated notes

Levels and vault maps discovered:
D:1:      dpeg_arrival_court, layout_loops_cross, serial_park_tiny_1
D:2:      layout_loops_ring
D:3:      layout_loops_corners, lemuel_coloured_pillars_altar,
          chequers_serial_rivers_marsh
D:4:      layout_loops_ring, nicolae_wu_jian_immortal_techniques
D:5:      layout_cave_pools, tgw_fedhas, nicolae_ru_path_of_blood,
          lemuel_crystal_altar, gammafunk_temple_overflow_statue,
          lightli_minifort, uniq_sigmund
D:6:      layout_basic, minmay_temple_entry_offerings, gammafunk_ghost_split,
          serial_bayou_ford_a, mrwooster_statue_mirror,
          minmay_misc_feat_hallway, minmay_misc_feat_x, minivault_23,
          uniq_maggie
Temple:   compressed_dpeg_triangle_lava_temple

Skill      XL: |  1  2  3  4  5  6  7  8 |
---------------+-------------------------+-----
Spellcasting   | 3 4 5 6 8 10 | 10.0
Earth Magic    | 3 4 5 6 7 |  7.6
Dodging        | 3 |  3.3
Stealth        | |  3.4
Conjurations   | |  0.1
Transmutations | |  1.3

Action                     |  1- 3 |  4- 6 |  7- 9 || total
---------------------------+-------+-------+-------++-------
  Melee: Trident           |       |       |     2 ||     2
   Cast: Sandblast         |    55 |    61 |   105 ||   221
         Stone Arrow       |       |       |    12 ||    12
  Evoke: Wand              |       |       |     4 ||     4
 Armour: Robe              |       |     1 |     1 ||     2
  Dodge: Dodged            |     4 |    14 |    47 ||    65
  Block: Other             |       |       |     2 ||     2

Table legend: (Time is in decaauts)
 A = Elapsed time spent in this place.
 B = Non-inter-level travel time spent in this place.
 C = Inter-level travel time spent in this place.
 D = Time resting spent in this place.
 E = Time spent auto-exploring this place.
 F = Levels seen in this place.
 G = Mean time per level.
                   A        B        C        D        E       F      G
               +--------+--------+--------+--------+--------+-----+--------+
         Total |   4457 |   4330 |    127 |    269 |   3337 |   7 |  636.7 |
       Dungeon |   4396 |   4282 |    114 |    269 |   3298 |   6 |  732.7 |
        Temple |     60 |     47 |     13 |      0 |     38 |   1 |   60.0 |
               +--------+--------+--------+--------+--------+-----+--------+

Top non-repeatable levels by time:
     D:5: 930 daAuts
     D:6: 753 daAuts
     D:1: 745 daAuts
     D:3: 713 daAuts
     D:4: 657 daAuts
     D:2: 596 daAuts
  Temple: 60 daAuts
